 Dungeon Crawl Stone Soup version 0.21-a0-153-g78480df (webtiles) character file.

204788 Charly the Black Belt (level 18, -5/139 HPs)
             Began as a Vine Stalker Assassin on Aug 1, 2017.
             Was a High Priest of Cheibriados.
             Slain by an acid blob (13 damage)
             ... on level 5 of the Pits of Slime.
             The game lasted 02:09:50 (8945 turns).

Charly the Black Belt (Vine Stalker Assassin)       Turns: 8945, Time: 02:09:50

Health: -5/139     AC: 16    Str: 30    XL:     18   Next: 14%
Magic:  0/31       EV: 22    Int: 27    God:    Cheibriados [*****.]
Gold:   643        SH:  0    Dex: 30    Spells: 4/34 levels left

rFire    . . .     SeeInvis .     - Unarmed
rCold    . . .     Gourm    .   (no shield)
rNeg     . . .     Faith    .   K - +2 robe {MR+}
rPois    .         Spirit   +   (helmet restricted)
rElec    .         Reflect  .   i - +2 cloak {MR+}
rCorr    .         Harm     .   m - +0 pair of gloves
MR       ++++.                  o - +2 pair of boots
Stlth    ..........             q - amulet of magic regeneration
HPRegen  1.13/turn              x - +5 ring of protection
MPRegen  0.47/turn              J - +5 ring of protection

@: berserking (expiring), corroded, very slow
A: fangs 3, horns 1, talons 1, blurry vision 1, deformed body, regeneration 2,
wild magic 1, magic shield, antimagic bite, no potion heal 3, rot immunity
}: 2/15 runes: serpentine, barnacled
a: Bend Time, Temporal Distortion, Slouch, Step From Time, Renounce Religion


You were on level 5 of the Pits of Slime.
You worshipped Cheibriados.
Cheibriados was extremely pleased with you.
You were not hungry.

You visited 7 branches of the dungeon, and saw 37 of its levels.

You collected 643 gold pieces.

Inventory:

Hand Weapons
 b - a +1 blowgun
 u - a +0 short sword of distortion
Missiles
 k - 13 curare-tipped needles
 p - 3 throwing nets (quivered)
Armour
 a - a +2 helmet of intelligence
 i - a +2 cloak of magic resistance (worn)
 m - a +0 pair of gloves (worn)
 o - a +2 pair of boots (worn)
 K - a +2 robe of magic resistance (worn)
 O - a +0 large shield
Magical Staves
 I - an uncursed staff of cold
Jewellery
 c - the ring "Ynocavep" {rC+ AC+1}
   (You found it on level 6 of the Lair of Beasts)

   [ring of protection]

   It affects your AC (+1).
   It protects you from cold.
 q - an amulet of magic regeneration (around neck)
 x - a +5 ring of protection (left hand)
 D - a cursed amulet of inaccuracy {unknown}
 J - a +5 ring of protection (right hand)
Wands
 w - a wand of lightning (6/15)
 B - a wand of scattershot (5/9)
 E - a wand of iceblast (3/15)
 G - a wand of iceblast (12/15)
Scrolls
 t - 4 scrolls of recharging
 A - a scroll of amnesia
 C - 3 scrolls of enchant armour
 H - 3 scrolls of remove curse
Potions
 e - a potion of cancellation
 h - a potion of flight
 l - 2 potions of magic
 n - 3 potions of might
 z - 6 potions of curing
 L - a potion of brilliance
 M - 2 potions of agility
Miscellaneous
 y - 2 phantom mirrors
Comestibles
 g - 18 bread rations
 s - 5 meat rations


   Skills:
 + Level 9.6 Fighting
 - Level 3.3 Short Blades
 - Level 1.7 Throwing
 - Level 9.0 Dodging
 - Level 6.4 Stealth
 + Level 17.3 Unarmed Combat
 - Level 8.5 Spellcasting
 - Level 3.8 Charms
 - Level 3.9 Necromancy
 - Level 7.0 Translocations
 - Level 10.8 Transmutations
 - Level 2.4 Ice Magic
 - Level 10.9 Earth Magic
 + Level 10.9 Invocations


You had 4 spell levels left.
You knew the following spells:

 Your Spells              Type           Power        Failure   Level  Hunger
a - Apportation           Tloc           ######       1%          1    None
d - Lee's Rapid Deconstr  Erth           #######...   3%          5    ####...
h - Blade Hands           Tmut           ######....   3%          5    ####...
o - Ozocubu's Armour      Chrm/Ice       #####...     7%          3    None
p - Passage of Golubria   Tloc           N/A          4%          4    #......
r - Regeneration          Chrm/Necr      #####.....   5%          3    None
A - Animate Skeleton      Necr           N/A          2%          1    None
P - Passwall              Tmut/Erth      #######...   1%          2    None
S - Statue Form           Tmut/Erth      #######..    13%         6    ######.


Dungeon Overview and Level Annotations

Branches:
Dungeon (15/15)            Temple (1/1) D:7            Lair (6/6) D:10
 Shoals (4/4) Lair:3        Snake (4/4) Lair:2        Slime (5/5) Lair:6
    Orc (2/2) D:12
    Elf: Orc:2       Vaults: D:13-14     Depths: D:15

Altars:
Ashenzari
Cheibriados
Dithmenos
Elyvilon
Kikubaaqudgha
Makhleb
Nemelex Xobeh
Ru
Sif Muna
Trog
Uskayaw
Vehumet
Xom
Yredelemnul
Zin
The Shining One
Jiyva

Shops:
D:4 [   D:5 [

Annotations:
D:3 Robin
D:5 1 runed door
D:7 p0werm0de's ghost, novice DgWr
D:8 Joseph; oki's ghost, novice TrMo
D:15 Nessos
Lair:1 exclusion: oklob plant
Slime:5 Royal Jelly


Innate Abilities, Weirdness & Mutations

You have razor-sharp teeth.
You heal very quickly.
When hurt, damage is shared between your health and your magic reserves.
Your bite disrupts and absorbs the magic of your enemies.
Potions cannot restore your health.
You are immune to rotting.
You have a pair of small horns on your head.
You have sharp toenails.
Scrolls take you a little longer to read.
Armour fits poorly on your strangely shaped body.
Your spells are a little harder to cast, but a little more powerful.


Message History

The Royal Jelly shudders vigorously.
The Royal Jelly spits out two more jellies.
The Royal Jelly closely misses you. The Royal Jelly completely misses you.
The acid blob closely misses you. The acid blob misses you.
Unknown command.
You pummel the Royal Jelly!!
Your hands burn!
You punch the Royal Jelly!! You bite the Royal Jelly! You drain its power.
You feel invigorated.
The Royal Jelly is almost dead.
The Royal Jelly shudders alarmingly.
The Royal Jelly spits out six more jellies.
The Royal Jelly hits you!
* * * LOW HITPOINT WARNING * * *
The acid corrodes you!
You are splashed with acid!
The acid burns!
* * * LOW HITPOINT WARNING * * *
The Royal Jelly hits you!!
* * * LOW HITPOINT WARNING * * *
You are splashed with acid!
The acid burns!
* * * LOW HITPOINT WARNING * * *
The acid blob hits you!!
You die...

.. #.#####.......
###/##..##?###..........
##?)/##.#$[?##..........
#$)%##..##%:$##.........
()?)$#.##="φ)?###.......
$))$##..##$}/$#


JJ..... #)?#|##.#}#[$## JJJ.... ######..#########JJJ....
#...#.._.#...#.J@JJJ.... ..#........#...##JJJ.... ######..######## JJ.....
#)(#|##.#}#$=## J...... :$)(##..##[}!)# ....... /))|/#.##$|$:$# .......
#$"!##..##$[%## ....... ##:[!##.#$?!## ....... ##%##..##)## You could see the
Royal Jelly, 7 acid blobs, 4 azure jellies, 2 slime creatures and 4 death oozes.

Vanquished Creatures
  15 acid blobs
  Agnes (D:15)
  Kirke (Lair:5)
  Ilsuiw (Shoals:4)
  5 nagarajas
  5 azure jellies
  Aizul (Snake:3)
  2 merfolk javelineers (Shoals:4)
  An ettin (D:15)
  5 merfolk impalers
  A fire dragon (D:15)
  Josephine (Lair:5)
  3 great orbs of eyes
  9 naga warriors
  3 hydras
  An ice dragon (D:10)
  3 catoblepae
  13 anacondas
  4 centaur warriors
  3 two-headed ogres
  10 death yaks
  2 merfolk aquamancers
  The ghost of Nico3ck the Cleaver, a novice FoFi of Makhleb (D:11)
  2 satyrs (Shoals:4)
  7 shock serpents
  6 naga sharpshooters
  A deep elf knight (D:15)
  Sonja (Lair:1)
  5 salamander mystics (Snake:4)
  A fire crab (Lair:6)
  3 sea snakes
  An unseen horror (D:10)
  3 lindwurms (Snake:4)
  3 naga ritualists (Snake:4)
  Pikel (D:9)
  2 shining eyes
  2 orc knights (D:15)
  9 mana vipers
  The ghost of Charly the Covert, a novice VSAs of Wu Jian (D:11)
  4 manticores
  6 fauns
  An orc sorcerer (D:15)
  A deep elf mage (D:10)
  7 salamanders
  3 cyclopes
  4 ugly things
  5 merfolk sirens
  4 elephants (Lair:6)
  A torpor snail (Lair:6)
  22 black mambas
  5 guardian serpents (Snake:4)
  4 eyes of devastation
  2 water nymphs (Shoals:4)
  A gargoyle (D:12)
  2 centaur skeletons
  12 spiny frogs
  14 naga magi
  A freezing wraith (D:15)
  A rime drake (shapeshifter) (D:14)
  2 rime drakes
  A tengu conjurer (D:15)
  A yaktaur (D:15)
  6 komodo dragons
  A jumping spider (shapeshifter) (D:10)
  3 polar bears
  A troll (D:10)
  9 merfolk
  A queen bee (shapeshifter) (D:15)
  2 hornets (D:13)
  8 hippogriffs
  23 blink frogs
  2 snapping turtles
  28 slime creatures
  3 water elementals
  4 wraiths
  A shadow (D:15)
  3 vampires
  4 wyverns
  4 basilisks
  40 yaks
  A hog (Lair:5)
  A hungry ghost (D:6)
  5 golden eyes (Slime:2)
  A steam dragon (D:11)
  A warg (D:12)
  4 acid dragons
  20 nagas
  20 water moccasins
  4 eyes of draining
  6 porcupines
  3 sky beasts
  2 slaves (D:9)
  2 ice beasts
  A black bear (D:8)
  8 ogres
  A phantom (D:6)
  7 orc warriors
  6 wolves
  5 centaurs
  4 crocodiles
  4 big kobolds
  8 bullfrogs
  A wyvern skeleton (D:11)
  A scorpion (D:10)
  6 killer bees
  3 wights (D:8)
  6 howler monkeys
  An electric eel (Lair:1)
  A crimson imp (D:15)
  A quasit (D:9)
  A bullfrog zombie (D:7)
  7 jellies
  2 orc priests
  2 hounds
  3 orc wizards
  8 hell rats
  4 worker ants
  A killer bee zombie (D:10)
  A hound zombie (D:9)
  2 worker ant zombies
  12 adders
  4 river rats (Lair:5)
  4 shadow imps
  4 oozes (Lair:1)
  An adder zombie (D:7)
  2 adder skeletons
  A dart slug (D:1)
  2 leopard geckos
  24 orcs
  3 bats
  A giant cockroach (D:5)
  4 goblins
  19 kobolds
  A quokka (D:5)
  A ball python (D:3)
  2 frilled lizards
  6 rats
  A plant (Lair:6)
643 creatures vanquished.

Vanquished Creatures (collateral kills)
  A catoblepas (Lair:6)
  A centaur warrior (D:15)
  A death yak (Lair:6)
  A polar bear (Lair:2)
  4 blink frogs
  A hippogriff (Lair:6)
  2 wraiths (Lair:5)
  A yak (Lair:6)
  2 water moccasins
  3 jellies (Lair:1)
  An adder (D:10)
  4 oozes (Lair:1)
  A ball python (Lair:2)
23 creatures vanquished.

Vanquished Creatures (others)
  A komodo dragon (D:14)
  2 humans (Lair:5)
  A river rat (Lair:5)
  9 fungi
  14 plants
27 creatures vanquished.

Grand Total: 693 creatures vanquished

Notes
Turn   | Place    | Note
-------+----------+-------------------------------------------
     0 | D:1      | Charly the Vine Stalker Assassin began the quest for the Orb.
     0 | D:1      | Reached XP level 1. HP: 11/11 MP: 2/2
    48 | D:2      | Reached skill level 5 in Stealth
    87 | D:2      | Reached XP level 2. HP: 11/15 MP: 1/3
   266 | D:2      | Gained mutation: You are agile. (Dex +2) [potion of mutation]
   266 | D:2      | Gained mutation: Your body sometimes deteriorates upon taking damage. [potion of mutation]
   266 | D:2      | Gained mutation: You have an increased reservoir of magic. (+10% MP) [potion of mutation]
   266 | D:2      | Gained mutation: You have supernaturally acute eyesight. (SInv) [potion of mutation]
   308 | D:2      | You fall through a shaft!
   317 | D:3      | Found a glowing golden altar of the Shining One.
   404 | D:5      | Entered Level 5 of the Dungeon
   448 | D:5      | Found a runed door.
   468 | D:5      | Reached XP level 3. HP: 10/18 MP: 4/4
   482 | D:5      | Noticed an ogre
   518 | D:5      | Killed an ogre
   518 | D:5      | Gained mutation: Your natural rate of healing is unusually fast. [Vine Stalker growth]
   518 | D:5      | Reached XP level 4. HP: 16/23 MP: 5/5
   600 | D:5      | Found a radiant altar of Vehumet.
   607 | D:5      | Reached XP level 5. HP: 26/26 MP: 6/6
   686 | D:6      | Reached skill level 1 in Unarmed Combat
   740 | D:6      | Noticed a phantom
   747 | D:6      | Reached skill level 2 in Unarmed Combat
   805 | D:6      | Killed a phantom
   805 | D:6      | Reached skill level 4 in Unarmed Combat
   805 | D:6      | Reached XP level 6. HP: 25/30 MP: 7/7
   878 | D:6      | Noticed an orc warrior
   987 | D:6      | Noticed a hungry ghost
  1027 | D:6      | Killed a hungry ghost
  1027 | D:6      | Reached skill level 5 in Unarmed Combat
  1027 | D:6      | Reached XP level 7. HP: 32/34 MP: 8/8
  1132 | D:5      | Noticed a two-headed ogre
  1157 | D:5      | Killed a two-headed ogre
  1157 | D:5      | Reached skill level 8 in Unarmed Combat
  1157 | D:5      | Gained mutation: You have razor-sharp teeth. [Vine Stalker growth]
  1157 | D:5      | Reached XP level 8. HP: 38/38 MP: 9/9
  1219 | D:4      | Found Ivokitwe's Antique Armour Shop.
  1295 | D:3      | Noticed Robin
  1306 | D:3      | You fall through a shaft for 2 floors!
  1331 | D:5      | Found Goeq's Antique Armour Boutique.
  1336 | D:5      | Learned a level 1 spell: Animate Skeleton
  1340 | D:5      | Learned a level 3 spell: Regeneration
  1408 | D:8      | Noticed Joseph
  1471 | D:7      | You fall through a shaft for 3 floors!
  1471 | D:10     | Entered Level 10 of the Dungeon
  1532 | D:10     | Reached skill level 1 in Necromancy
  1567 | D:10     | Reached skill level 1 in Spellcasting
  1595 | D:10     | Noticed an unseen horror
  1606 | D:10     | Killed an unseen horror
  1606 | D:10     | Reached XP level 9. HP: 42/42 MP: 11/17
  1636 | D:10     | Reached skill level 1 in Dodging
  1823 | D:10     | Reached skill level 9 in Unarmed Combat
  1838 | D:10     | Noticed an orc knight
  1838 | D:10     | Noticed a troll
  1887 | D:10     | Noticed a troll
  1925 | D:10     | Killed a troll
  2004 | D:10     | Noticed a deep elf mage
  2044 | D:10     | Lost mutation: You have an increased reservoir of magic. (+10% MP) [mutagenic meat]
  2052 | D:10     | Gained mutation: You have a pair of small antennae on your head. [mutagenic meat]
  2053 | D:10     | Lost mutation: You are agile. (Dex +2) [mutagenic meat]
  2106 | D:10     | Reached XP level 10. HP: 16/50 MP: 6/16
  2109 | D:10     | Noticed a two-headed ogre
  2160 | D:10     | Noticed an ice dragon
  2253 | D:9      | Found a bloodstained altar of Trog.
  2331 | D:9      | Noticed Pikel
  2353 | D:9      | Killed Pikel
  2353 | D:9      | Reached skill level 5 in Fighting
  2353 | D:9      | Reached skill level 10 in Unarmed Combat
  2498 | D:7      | Noticed p0werm0de's ghost (novice DgWr)
  2510 | D:7      | Found a staircase to the Ecumenical Temple.
  2516 | Temple   | Entered the Ecumenical Temple
  2559 | Temple   | Became a worshipper of Ru the Awakened
  2646 | Temple   | Learned a level 6 spell: Statue Form
  2651 | Temple   | Learned a level 3 spell: Ozocubu's Armour
  2755 | D:8      | Noticed oki's ghost (novice TrMo)
  2756 | D:8      | Found a shattered altar of Ashenzari.
  2758 | D:8      | Found a shadowy altar of Dithmenos.
  2760 | D:8      | Found a snail-covered altar of Cheibriados.
  2865 | D:8      | Fell from the grace of Ru
  2865 | D:8      | Became a worshipper of Cheibriados the Contemplative
  3049 | D:9      | Reached skill level 11 in Unarmed Combat
  3077 | D:10     | Found a shimmering altar of Xom.
  3081 | D:10     | Found a shimmering altar of Xom.
  3081 | D:10     | Found a shimmering altar of Xom.
  3081 | D:10     | Found a shimmering altar of Xom.
  3081 | D:10     | Found a shimmering altar of Xom.
  3082 | D:10     | Found a shimmering altar of Xom.
  3096 | D:10     | Found a staircase to the Lair.
  3128 | Lair:1   | Entered Level 1 of the Lair of Beasts
  3128 | Lair:1   | Noticed a spiny frog
  3180 | Lair:1   | Reached * piety under Cheibriados
  3207 | Lair:1   | Noticed an oklob plant
  3238 | Lair:1   | Reached skill level 5 in Dodging
  3301 | Lair:1   | Noticed a spiny frog
  3307 | Lair:1   | Killed a spiny frog
  3307 | Lair:1   | Reached XP level 11. HP: 56/56 MP: 17/17
  3381 | Lair:1   | Reached ** piety under Cheibriados
  3394 | Lair:1   | Noticed Sonja
  3400 | Lair:1   | Killed Sonja
  3557 | Lair:1   | Reached skill level 12 in Unarmed Combat
  3594 | Lair:3   | Noticed a death yak
  3673 | Lair:2   | Reached skill level 1 in Charms
  3692 | Lair:2   | SNAKE L2
  3694 | Lair:2   | Reached skill level 1 in Ice Magic
  3783 | Lair:2   | Found a staircase to the Snake Pit.
  3853 | Lair:2   | Reached *** piety under Cheibriados
  4185 | Lair:5   | Noticed Josephine
  4237 | Lair:4   | Reached skill level 1 in Transmutations
  4241 | Lair:4   | Reached **** piety under Cheibriados
  4274 | Lair:4   | Gained mutation: You heal very quickly. [Vine Stalker growth]
  4274 | Lair:4   | Reached XP level 12. HP: 63/63 MP: 18/18
  4296 | Lair:4   | Reached skill level 13 in Unarmed Combat
  4474 | Lair:3   | Noticed a death yak
  4475 | Lair:3   | Noticed a death yak
  4478 | Lair:3   | Noticed a death yak
  4483 | Lair:2   | SHOAL L3
  4515 | Lair:3   | Learned a level 5 spell: Blade Hands
  4777 | Lair:5   | Noticed a catoblepas
  4792 | Lair:5   | Killed a catoblepas
  4807 | Lair:5   | Killed Josephine
  4813 | Lair:5   | Noticed a five-headed hydra
  4814 | Lair:5   | Reached skill level 5 in Spellcasting
  4819 | Lair:5   | Killed a five-headed hydra
  4823 | Lair:5   | Noticed a death yak
  4824 | Lair:5   | Noticed a death yak
  4829 | Lair:5   | Noticed a death yak
  4829 | Lair:5   | Noticed a death yak
  4831 | Lair:5   | Noticed a death yak
  4833 | Lair:6   | Entered Level 6 of the Lair of Beasts
  4840 | Lair:6   | Killed a death yak
  4844 | Lair:6   | Reached ***** piety under Cheibriados
  4846 | Lair:6   | Reached skill level 5 in Transmutations
  4867 | Lair:6   | Found a glowing silver altar of Zin.
  4951 | Lair:6   | Reached XP level 13. HP: 69/69 MP: 21/23
  5092 | Lair:6   | Reached skill level 14 in Unarmed Combat
  5205 | Lair:6   | Reached skill level 1 in Invocations
  5298 | Lair:6   | Got a coiled pewter ring
  5299 | Lair:6   | Identified the ring "Ynocavep" {rC+ AC+1} (You found it on level 6 of the Lair of Beasts)
  5448 | Lair:5   | Reached ****** piety under Cheibriados
  5509 | Lair:5   | Noticed Kirke
  5516 | Lair:5   | Killed Kirke
  5516 | Lair:5   | Reached XP level 14. HP: 70/75 MP: 24/24
  5592 | Lair:2   | Reached skill level 1 in Earth Magic
  5724 | D:10     | Got a thick robe
  5735 | D:10     | Identified the +1 robe of the Hall of Blades {Dex+3} (You took it off a deep elf mage on level 10 of the Dungeon)
  5850 | D:10     | Got a faintly glowing scale mail
  5867 | D:10     | Identified the +8 scale mail of Duck's Teeth {rPois rC+ Str-5} (You found it on level 10 of the Dungeon)
  5916 | D:11     | Noticed Charly's ghost (novice VSAs)
  5916 | D:11     | Noticed Nico3ck's ghost (novice FoFi)
  5921 | D:11     | Killed Nico3ck's ghost
  5921 | D:11     | Reached skill level 5 in Earth Magic
  5922 | D:11     | Killed Charly's ghost
  5979 | D:12     | Found a staircase to the Orcish Mines.
  6004 | D:12     | Learned a level 1 spell: Apportation
  6012 | Orc:1    | Entered Level 1 of the Orcish Mines
  6016 | Orc:1    | Found a radiant altar of Vehumet.
  6025 | Orc:2    | Entered Level 2 of the Orcish Mines
  6284 | D:15     | Entered Level 15 of the Dungeon
  6383 | D:15     | Found a shattered altar of Ashenzari.
  6389 | D:15     | 28/21
  6412 | D:15     | Noticed Agnes
  6414 | D:15     | Noticed Nessos
  6463 | D:15     | Killed Agnes
  6600 | D:15     | Reached XP level 15. HP: 79/79 MP: 25/25
  6871 | D:10     | Learned a level 2 spell: Passwall
  6928 | Lair:1   | Lost mutation: Your body sometimes deteriorates upon taking damage. [potion of mutation]
  6928 | Lair:1   | Lost mutation: You have a pair of small antennae on your head. [potion of mutation]
  6928 | Lair:1   | Lost mutation: You have supernaturally acute eyesight. (SInv) [potion of mutation]
  6928 | Lair:1   | Gained mutation: You are partially covered in thin metallic scales. (AC +2) [potion of mutation]
  6928 | Lair:1   | Gained mutation: Armour fits poorly on your strangely shaped body. [potion of mutation]
  6928 | Lair:1   | Gained mutation: Your spells are a little harder to cast, but a little more powerful. [potion of mutation]
  6928 | Lair:1   | Gained mutation: You have sharp toenails. [potion of mutation]
  6996 | Snake:1  | Entered Level 1 of the Snake Pit
  7071 | Snake:2  | Reached skill level 10 in Earth Magic
  7104 | Snake:2  | Reached skill level 10 in Transmutations
  7126 | Snake:2  | Learned a level 4 spell: Passage of Golubria
  7206 | Snake:3  | Noticed a nagaraja
  7216 | Snake:3  | Killed a nagaraja
  7244 | Snake:3  | Noticed Aizul
  7251 | Snake:3  | Killed Aizul
  7263 | Snake:4  | Entered Level 4 of the Snake Pit
  7429 | Snake:4  | Noticed a nagaraja
  7437 | Snake:4  | Killed a nagaraja
  7437 | Snake:4  | Reached skill level 1 in Translocations
  7471 | Snake:4  | Noticed a nagaraja
  7476 | Snake:4  | Killed a nagaraja
  7482 | Snake:4  | Reached XP level 16. HP: 84/84 MP: 29/29
  7501 | Snake:4  | Noticed a nagaraja
  7501 | Snake:4  | Reached skill level 5 in Translocations
  7512 | Snake:4  | Killed a nagaraja
  7545 | Snake:4  | Learned a level 5 spell: Lee's Rapid Deconstruction
  7559 | Snake:4  | Reached skill level 5 in Invocations
  7567 | Snake:4  | Noticed a nagaraja
  7567 | Snake:4  | Killed a nagaraja
  7569 | Snake:4  | Reached skill level 15 in Unarmed Combat
  7634 | Snake:4  | Got a serpentine rune of Zot
  7851 | Lair:3   | Found a staircase to the Shoals.
  7853 | Shoals:1 | Entered Level 1 of the Shoals
  7946 | Shoals:4 | Entered Level 4 of the Shoals
  7952 | Shoals:4 | Noticed Ilsuiw
  7954 | Shoals:4 | Reached XP level 17. HP: 87/87 MP: 27/30
  7971 | Shoals:4 | Reached skill level 16 in Unarmed Combat
  7987 | Shoals:4 | Killed Ilsuiw
  8063 | Shoals:4 | Got a barnacled rune of Zot
  8425 | Lair:6   | Found a staircase to the Slime Pits.
  8425 | Lair:6   | Found a viscous altar of Jiyva.
  8428 | Slime:1  | Entered Level 1 of the Pits of Slime
  8428 | Slime:1  | Noticed an acid blob
  8451 | Slime:1  | Lost mutation: You are partially covered in thin metallic scales. (AC +2) [a shining eye]
  8452 | Slime:1  | Noticed an acid blob
  8453 | Slime:1  | Gained mutation: You have a pair of small horns on your head. [a shining eye]
  8454 | Slime:1  | Killed an acid blob
  8516 | Slime:1  | Killed an acid blob
  8522 | Slime:2  | Noticed an acid blob
  8522 | Slime:2  | Noticed an acid blob
  8551 | Slime:2  | Killed an acid blob
  8554 | Slime:2  | Killed an acid blob
  8576 | Slime:3  | Noticed an acid blob
  8576 | Slime:3  | Noticed an acid blob
  8579 | Slime:2  | Gained mutation: Scrolls take you a little longer to read. [a shining eye]
  8593 | Slime:2  | Reached skill level 10 in Invocations
  8603 | Slime:3  | Killed an acid blob
  8606 | Slime:3  | Killed an acid blob
  8673 | Slime:5  | Entered Level 5 of the Pits of Slime
  8686 | Slime:5  | Reached skill level 17 in Unarmed Combat
  8717 | Slime:5  | Noticed an acid blob
  8717 | Slime:5  | Noticed an acid blob
  8753 | Slime:5  | Killed an acid blob
  8760 | Slime:5  | Noticed an acid blob
  8760 | Slime:5  | Noticed the Royal Jelly
  8760 | Slime:5  | Noticed an acid blob
  8762 | Slime:5  | Killed an acid blob
  8764 | Slime:5  | Killed an acid blob
  8793 | Slime:5  | Killed an acid blob
  8793 | Slime:5  | Reached XP level 18. HP: 81/93 MP: 22/31
  8842 | Slime:5  | Found a viscous altar of Jiyva.
  8945 | Slime:5  | Slain by an acid blob

Vault maps used:
D:1:      zelgadis_glass_arrival_small, wad_floor_pattern_untrapped
D:2:      lemuel_crystal_altar, okawaru_metal_pillars_3
D:3:      lemuel_round_altar, grunt_gozag_breadcrumbs, uniq_robin
D:4:      grunt_temple_overflow_diamond, serial_shops,
          nicolae_shop_overgrown_old_shop, first_bread,
          minmay_misc_feat_ornament
D:5:      lemuel_insect_pit, fiery_altar_vehumet, serial_shops,
          nicolae_shop_waterfront, minivault_5, kennysheep_generic_room_10
D:6:      roderic_lattice_a, eino_tiny_chamber
D:7:      minmay_temple_entry_enclosed_plants, uniq_menkaure
D:8:      kennysheep_mini, gammafunk_temple_overflow_forgotten, grunt_livestock,
          uniq_joseph, uniq_gastronok
D:9:      basic_altar, uniq_pikel
D:10:     minmay_the_grid_3x3, david_lair_shrubbed, xom_shifter_show
D:12:     david_orc_3
D:13:     eino_house_with_fridge
D:14:     david_vaults_2, serial_curves, eino_curves_03, eino_curves_01
D:15:     hangedman_depths_entry_civil_slaughter, nicolae_ashenzari_panopticon,
          uniq_nessos, uniq_agnes
Temple:   zaba_magenta_temple
Lair:1:   lemuel_slime, nicolae_quartered_pool_medium, beast_lair_carwin_4,
          serial_bayou_shore_b, uniq_nergalle, uniq_sonja
Lair:2:   minmay_snake_entry_six_corridors, gammafunk_lair_bear_cave,
          serial_bayou_shore_a
Lair:3:   elwin_shoals_entry_stream
Lair:4:   serial_bayou_shore_b
Lair:5:   st_stairs_3, kennysheep_rathole, uniq_josephine, uniq_kirke
Lair:6:   evilmike_catoblepas_cave, slime_altar_1, basic_altar,
          grunt_megastairs_4, serial_bayou_shore_b
Shoals:1: serial_shops, shop
Shoals:2: yaktaur_hedge
Shoals:4: shoals_end_grunt_garden, shoals_ilsuiw_ice, uniq_ilsuiw
Snake:1:  st_stairs_6, nicolae_snake_single_loop, minmay_shop_grove
Snake:2:  serial_shops, nicolae_shop_temple_entry_statues_fountains
Snake:3:  st_stairs_8, uniq_aizul
Snake:4:  snake_pit_salamanders_mu, basic_altar, hangedman_snake_corridor_cut
Slime:1:  nicolae_slime_jelly_donut
Orc:1:    basic_altar, nicolae_orc_rockfall
Orc:2:    grunt_orc_cross, statue_in_the_mist_lemuel, hangedman_minor_magic

Skill      XL: |  1  2  3  4  5  6  7  8  9 10 11 12 13 14 15 16 17 |
---------------+----------------------------------------------------+-----
Short Blades   | 2 3 |  3.3
Stealth        | 5 6 |  6.4
Unarmed Combat | 4 5 8 9 11 12 13 14 15 17 | 17.3
Necromancy     | 3 |  3.9
Spellcasting   | 3 6 8 |  8.5
Dodging        | 3 5 6 7 9 |  9.0
Fighting       | 4 6 7 8 9 |  9.6
Charms         | 3 |  3.8
Ice Magic      | 2 |  2.4
Transmutations | 1 5 6 9 10 | 10.8
Invocations    | 4 8 10 | 10.9
Earth Magic    | 9 10 | 10.9
Translocations | 4 7 |  7.0
Throwing       | |  1.7

Action                   |  1- 3 |  4- 6 |  7- 9 | 10-12 | 13-15 | 16-18 || total
-------------------------+-------+-------+-------+-------+-------+-------++-------
Melee: Dagger            |    48 |    89 |       |     4 |       |       ||   141
       Bite              |     4 |    31 |    45 |   203 |   239 |   193 ||   715
       Punch             |       |     2 |     9 |    42 |    59 |    42 ||   154
       Unarmed           |       |       |   136 |   482 |   530 |   382 ||  1530
       Kick              |       |       |       |       |    53 |   175 ||   228
       Headbutt          |       |       |       |       |       |    54 ||    54
 Fire: Blowgun           |     6 |     4 |    29 |     6 |     5 |       ||    50
Throw: Javelin           |       |       |     6 |    16 |       |       ||    22
 Cast: Animate Skeleton  |       |       |     4 |    34 |    19 |     2 ||    59
       Ozocubu's Armour  |       |       |       |    10 |    23 |       ||    33
       Blade Hands       |       |       |       |     1 |    35 |       ||    36
       Statue Form       |       |       |       |       |    18 |    23 ||    41
       Apportation       |       |       |       |       |    12 |    10 ||    22
       Passwall          |       |       |       |       |    10 |    13 ||    23
       Passage of Golubr |       |       |       |       |       |    87 ||    87
       Lee's Rapid Decon |       |       |       |       |       |     6 ||     6
Invok: Slouch            |       |       |       |     1 |       |     7 ||     8
       Temporal Distorti |       |       |       |       |     2 |     9 ||    11
       Step From Time    |       |       |       |       |       |     3 ||     3
 Abil: End Transformatio |       |       |       |       |     1 |       ||     1
Evoke: Wand              |       |       |       |     2 |       |       ||     2
  Use: Scroll            |     3 |     4 |     4 |     2 |     9 |     2 ||    24
       Potion            |     1 |       |     1 |     3 |     2 |    10 ||    17
 Stab: Sleeping          |     7 |     5 |     1 |     8 |     8 |     4 ||    33
       Distracted        |       |       |     2 |       |     4 |     3 ||     9
       Petrified         |       |       |       |     1 |       |       ||     1
  Eat: Royal jelly       |       |     3 |       |       |     1 |       ||     4
       Meat ration       |       |     1 |       |     2 |     1 |     3 ||     7
       Chunk             |       |       |     7 |     3 |     9 |     3 ||    22
       Fruit             |       |       |     1 |       |     4 |       ||     5
Armor: Robe              |    18 |    18 |    25 |   120 |   102 |    10 ||   293
       Skin              |       |       |       |     2 |   140 |   385 ||   527
Dodge: Dodged            |    30 |    32 |    87 |   342 |   583 |   623 ||  1697
